Map: Lerilak Crest

Players

Sasori - Winner!

  • Race: Zerg Zerg
  • League: Grandmaster

jheffe

  • Race: Terran Terran
  • League: Grandmaster

VOD

http://www.twitch.tv/sasorisc2/v/52424848?t=0h48m45s

Description

GM ZvT Air Mech vs Zerg Stuff

Time

  • Played on: March 4, 2016, 10:53 p.m.
  • Length: 42:10
Show
View Real Time Build Order
Export as new Build Order

Sasori Zerg - Winner!

Build Orders: Hatch First 

Get SALT Encoding   

  12  0:01  Drone  
  13  0:15  Overlord  
  13  0:17  Drone  
  14  0:33  Drone x2  
  16  0:37  Drone  
  17  0:48  Drone  
  18  1:01  Drone  
  18  1:03  Extractor  
  18  1:10  Drone  
  19  1:19  Hatchery  
  18  1:26  Spawning Pool  
  18  1:27  Drone  
  18  1:39  Drone  
  19  1:40  Extractor  
  19  1:44  Drone  
  19  1:53  Overlord  
  19  2:07  Drone  
  20  2:14  Queen, Metabolic Boost  
  22  2:18  Zergling x2  
  23  2:31  Queen  
  23  2:33  Zergling x2  
  26  2:46  Hatchery  
  25  2:53  Spine Crawler  
  25  2:55  Zergling x2  
  25  2:56  Zergling x2  
  26  3:03  Zergling x6  
  29  3:14  Zergling x2, Spine Crawler  
  29  3:17  Drone  
  30  3:26  Zergling x2  
  32  3:27  Zergling x2  
  32  3:28  Drone  
  33  3:35  Evolution Chamber  
  30  4:11  Drone x2  
  30  4:12  Drone  
  30  4:13  Drone x3  
  30  4:17  Hatchery  
  34  4:26  Drone  
  34  4:27  Drone  
  36  4:37  Overlord  
  36  4:45  Overlord x2  
  36  4:48  Zerg Melee Weapons Level 1  
  31  5:03  Drone x5  
  31  5:04  Drone  
  37  5:07  Lair  
  37  5:10  Queen, Drone, Extractor  
  39  5:18  Drone x3  
  42  5:28  Drone  
  42  5:29  Drone x2  
  42  5:34  Drone x2  
  47  5:39  Spore Crawler  
  47  5:40  Drone x3  
  47  5:41  Spore Crawler  
  48  5:46  Queen  
  50  5:53  Baneling Nest  
  50  5:55  Drone  
  50  5:58  Extractor  
  50  5:59  Drone x3  
  50  6:00  Zergling x2  
  53  6:05  Zergling x6  
  56  6:13  Drone x3  
  57  6:19  Queen  
  59  6:29  Drone x3  
  59  6:30  Drone x4  
  64  6:41  Centrifical Hooks  
  64  6:42  Zergling x2  
  64  6:44  Overlord x3  
  65  7:00  Overlord x2  
  65  7:10  Zergling x2  
  65  7:11  Zergling x14  
  73  7:19  Zergling x2  
  73  7:20  Zergling x8  
  78  7:27  Zergling x2  
  79  7:35  Zergling x10  
  84  7:41  Zergling x4  
  86  7:47  Spore Crawler  
  86  7:49  Zergling x12  
  86  7:50  Zergling x2  
  92  7:56  Zergling x4  
  94  7:59  Baneling x5  
  94  8:00  Baneling x29  
  94  8:01  Baneling x3  
  94  8:04  Zergling x4  
  96  8:08  Zergling x2  
  96  8:10  Zergling x2  
  99  8:12  Zergling x2  
  99  8:13  Zergling x4  
  99  8:16  Zergling x6  
  104  8:25  Zergling x2  
  101  8:42  Zergling x12  
  101  8:48  Overlord x3  
  80  9:06  Zergling x2  
  80  9:07  Zergling x10  
  79  9:21  Drone x3  
  82  9:26  Spire  
  82  9:27  Extractor x2  
  82  9:28  Zergling x6  
  82  9:30  Extractor  
  81  9:39  Zergling x6, Hatchery  
  83  9:47  Zergling x2  
  83  9:48  Zergling x4  
  83  9:52  Hatchery  
  85  9:54  Zergling x4  
  85  9:55  Zergling x2  
  88  10:05  Zergling x2  
  88  10:06  Zergling x14  
  94  10:10  Hatchery  
  93  10:16  Zergling x4  
  93  10:19  Zergling x4  
  97  10:22  Zergling x4  
  97  10:23  Zergling x2  
  100  10:37  Zergling x8  
  100  10:38  Zergling x8  
  100  10:41  Overseer  
  108  10:46  Mutalisk x3, Zerg Flyer Weapons Level 1  
  114  10:50  Mutalisk x3  
  114  10:51  Mutalisk  
  114  10:52  Queen  
  114  10:53  Mutalisk  
  114  10:55  Mutalisk  
  114  10:56  Mutalisk  
  130  11:01  Mutalisk  
  130  11:02  Mutalisk x2  
  136  11:08  Mutalisk, Overlord x3  
  138  11:16  Mutalisk x2  
  142  11:29  Mutalisk x3  
  142  11:32  Mutalisk  
  150  11:46  Drone  
  149  11:47  Drone x9  
  148  12:09  Mutalisk x6  
  148  12:11  Drone  
  148  12:12  Drone  
  162  12:22  Drone x7  
  163  12:32  Zergling x6  
  163  12:33  Overlord  
  163  12:34  Overlord  
  163  12:35  Zerg Melee Weapons Level 2  
  166  12:42  Overlord x2  
  165  12:56  Zerg Flyer Weapons Level 2  
  165  13:06  Mutalisk x5  
  165  13:08  Zergling x14  
  165  13:09  Zergling x10  
  185  13:35  Zergling x4  
  185  13:36  Zergling x20  
  197  13:44  Baneling  
  197  13:45  Baneling x17  
  197  13:46  Baneling x7  
  197  13:47  Overlord x3  
  197  13:49  Overlord  
  197  13:59  Baneling  
  197  14:00  Baneling x10  
  197  14:02  Overlord x3  
  197  14:05  Queen  
  104  14:33  Mutalisk  
  104  14:34  Mutalisk x4  
  104  14:35  Drone  
  104  14:36  Drone x15  
  104  14:37  Drone x4  
  129  14:39  Extractor  
  129  14:44  Extractor  
  129  14:45  Extractor  
  126  14:53  Zerg Ground Armor Level 1  
  126  15:03  Zergling x2  
  126  15:04  Zergling x16  
  135  15:07  Hatchery  
  135  15:11  Zergling x10  
  135  15:12  Zergling x4  
  142  15:15  Infestation Pit  
  142  15:16  Zergling x10  
  142  15:19  Zergling x2  
  148  15:26  Zergling x2  
  148  15:27  Zergling x12  
  149  15:32  Zergling x4  
  151  15:43  Drone x4  
  151  15:47  Drone x4  
  151  15:48  Zerg Flyer Armor Level 1  
  159  16:03  Hatchery  
  158  16:09  Hatchery  
  157  16:20  Mutalisk x2  
  157  16:21  Mutalisk x7  
  175  16:29  Zergling x2  
  175  16:30  Zergling x14  
  183  16:33  Extractor  
  183  16:36  Hive  
  182  16:40  Extractor  
  181  16:49  Zerg Ground Armor Level 2  
  181  16:53  Zergling x2  
  183  16:54  Zergling x20  
  192  17:17  Hatchery  
  179  17:39  Mutalisk  
  179  17:42  Mutalisk x7  
  179  17:43  Mutalisk x2  
  199  17:52  Zerg Flyer Weapons Level 3  
  199  18:04  Evolution Chamber  
  198  18:30  Zerg Melee Weapons Level 3  
  198  18:44  Pneumatized Carapace  
  198  18:47  Ultralisk Cavern  
  197  19:07  Zerg Ground Armor Level 3  
  196  19:14  Overseer x2  
  194  19:21  Spore Crawler  
  191  19:28  Spine Crawler  
  190  19:43  Zergling x20  
  200  20:29  Spore Crawler  
  200  20:33  Spore Crawler  
  198  20:45  Chitinous Plating  
  196  20:51  Spore Crawler  
  147  21:21  Ultralisk x7  
  195  21:35  Ultralisk Cavern  
  183  21:49  Ultralisk x2  
  183  21:50  Ultralisk  
  183  21:51  Ultralisk  
  191  22:03  Ultralisk  
  187  22:09  Spore Crawler  
  164  22:16  Ultralisk x4  
  200  22:28  Overlord x4  
  200  22:29  Overlord x3  
  188  22:38  Hatchery  
  187  22:54  Spawning Pool  
  187  22:57  Drone x2  
  187  22:58  Drone x2  
  190  22:59  Drone x4  
  92  23:42  Lair  
  92  23:46  Drone x2  
  92  23:47  Drone  
  95  23:49  Spore Crawler  
  95  23:51  Lair  
  95  23:52  Lair  
  94  24:01  Spore Crawler x3  
  91  24:03  Drone, Spore Crawler  
  91  24:04  Drone x5  
  91  24:07  Spore Crawler  
  91  24:08  Spore Crawler  
  91  24:09  Spore Crawler  
  93  24:20  Spore Crawler  
  93  24:24  Spore Crawler  
  91  24:25  Spore Crawler  
  90  24:36  Spore Crawler  
  89  24:44  Drone  
  89  24:45  Drone x5  
  93  24:46  Drone x3  
  98  25:11  Drone x2  
  100  25:15  Drone x2, Spire  
  100  25:20  Spore Crawler  
  100  25:23  Queen  
  100  25:25  Drone  
  103  25:37  Drone x2  
  105  25:47  Extractor  
  104  25:53  Drone  
  104  25:54  Drone  
  104  25:55  Overlord  
  104  25:56  Overlord x4  
  103  26:20  Queen  
  103  26:21  Queen  
  107  26:31  Mutalisk, Zerg Flyer Armor Level 2  
  107  26:32  Mutalisk x8  
  125  26:43  Mutalisk  
  125  26:44  Mutalisk x2  
  131  27:08  Drone x2  
  133  27:26  Drone  
  133  27:27  Drone x2  
  133  27:28  Hatchery  
  135  27:31  Mutalisk x4  
  135  27:32  Mutalisk  
  135  27:34  Overlord  
  145  27:46  Overlord  
  145  27:47  Overlord x2  
  145  27:52  Hatchery  
  144  28:15  Queen x3  
  150  28:23  Drone  
  150  28:24  Drone x2  
  150  28:26  Extractor  
  146  28:50  Queen x2  
  146  28:54  Corruptor  
  146  28:55  Corruptor x7  
  160  29:05  Drone x4  
  160  29:06  Infestation Pit  
  160  29:07  Extractor  
  160  29:08  Drone x2  
  160  29:09  Extractor  
  163  29:11  Queen  
  163  29:12  Drone  
  163  29:13  Drone  
  163  29:14  Drone  
  168  29:17  Drone x2  
  168  29:23  Extractor  
  169  29:47  Drone x8  
  169  29:48  Drone x5  
  182  30:07  Spore Crawler  
  182  30:09  Spore Crawler  
  182  30:11  Drone x2, Spore Crawler  
  182  30:12  Drone x2, Spore Crawler  
  182  30:14  Overlord x2  
  182  30:15  Overlord x3  
  182  30:22  Pathogen Glands  
  182  30:44  Infestor x2  
  182  30:45  Infestor  
  188  30:52  Drone  
  189  31:00  Extractor  
  189  31:03  Extractor  
  187  31:13  Drone  
  187  31:14  Drone x2  
  187  31:15  Infestor  
  192  31:24  Infestor  
  194  31:47  Infestor  
  134  32:35  Zergling x2  
  134  32:36  Zergling x32  
  143  32:54  Infestor, Extractor  
  143  32:55  Infestor x2, Extractor  
  144  33:08  Infestor  
  146  33:18  Drone x3, Spore Crawler  
  148  33:22  Hatchery  
  148  33:24  Spore Crawler x2  
  148  33:25  Drone  
  148  33:26  Drone x4  
  144  33:27  Spore Crawler  
  144  33:31  Infestor x2  
  143  33:44  Spore Crawler x2  
  143  33:46  Spore Crawler  
  123  35:13  Infestor  
  123  35:14  Infestor x9  
  139  35:25  Infestor  
  139  35:27  Queen  
  139  35:28  Zergling x6  
  144  35:29  Zergling x4  
  117  36:28  Infestor x2  
  117  36:29  Infestor x4  
  117  36:30  Zergling x2  
  117  36:31  Zergling x14  
  135  36:43  Hatchery  
  132  36:47  Infestor x2  
  132  36:51  Zergling x6  
  132  36:52  Zergling x4  
  139  37:14  Spore Crawler  
  116  38:13  Infestor x2  
  116  38:14  Infestor x6  
  116  38:15  Zergling x2  
  116  38:16  Zergling x6  
  136  38:34  Zergling x2  
  136  38:35  Zergling x4  
  136  38:37  Drone x6  
  145  38:48  Burrow, Drone x3  
  146  38:49  Drone  
  149  38:57  Infestor  
  149  38:58  Infestor  
  149  38:59  Drone  
  149  39:00  Drone  
  155  39:08  Infestor  
  157  39:40  Zergling x26  
  157  39:44  Queen  
  172  39:48  Extractor  
  172  39:50  Queen  
  173  39:55  Zergling x2  
  173  39:56  Zergling x12  
  180  40:01  Infestor  
  180  40:03  Infestor x3  
  188  40:58  Infestor x5  
  198  41:39  Drone  
  199  41:41  Hatchery  
  188  42:01  Spore Crawler  
  188  42:04  Spore Crawler  
  188  42:05  Spore Crawler  
  188  42:06  Spore Crawler x5  
Show
View Real Time Build Order
Export as new Build Order

jheffe Terran 

Build Orders: Reaper Expand, Mech 

Get SALT Encoding   

  12  0:01  SCV  
  13  0:14  SCV  
  14  0:17  Supply Depot  
  14  0:26  SCV  
  15  0:39  SCV  
  15  0:41  Barracks  
  16  0:45  Refinery  
  16  0:52  SCV  
  17  1:04  SCV  
  18  1:17  SCV  
  19  1:30  Orbital Command  
  19  1:31  Reaper  
  20  1:48  Command Center  
  20  2:04  Bunker  
  20  2:05  Supply Depot  
  20  2:08  Marine  
  21  2:12  SCV  
  22  2:26  Marine  
  23  2:30  Factory  
  23  2:34  Bunker  
  23  2:39  SCV  
  23  2:43  Marine  
  25  3:03  Orbital Command  
  25  3:06  Marine  
  26  3:17  SCV  
  26  3:19  Starport, Factory Tech Lab  
  27  3:27  Marine  
  27  3:29  SCV x2  
  30  3:37  Siege Tank  
  33  3:41  SCV  
  33  3:45  SCV  
  35  3:53  SCV  
  36  3:57  SCV  
  37  4:05  SCV  
  37  4:09  SCV  
  38  4:25  Liberator  
  38  4:34  Marine  
  35  4:39  SCV  
  35  4:40  SCV  
  35  4:43  Refinery  
  40  4:51  SCV  
  41  5:01  SCV  
  41  5:03  SCV  
  44  5:08  Refinery  
  44  5:11  Refinery  
  44  5:13  SCV  
  44  5:15  Barracks Reactor, SCV  
  44  5:18  Command Center  
  45  5:25  SCV  
  46  5:32  Bunker  
  46  5:34  Supply Depot  
  46  5:44  Supply Depot  
  46  5:55  Starport Reactor  
  46  5:56  Siege Tank, SCV x2  
  51  5:58  Factory  
  51  5:59  Supply Depot  
  51  6:06  Barracks Tech Lab  
  51  6:08  Factory, Engineering Bay, SCV x2  
  53  6:20  SCV x2  
  55  6:30  Factory  
  55  6:32  SCV x2  
  54  6:37  Orbital Command  
  54  6:40  Viking x2  
  54  6:44  Hellion x2, SCV x2  
  64  6:55  Liberator  
  64  6:56  Liberator, SCV x2  
  64  6:57  Missile Turret  
  66  7:02  Missile Turret  
  66  7:03  Missile Turret  
  66  7:06  Missile Turret  
  66  7:08  Armory, SCV x2  
  74  7:16  Orbital Command  
  74  7:20  SCV x2  
  76  7:23  Siege Tank  
  76  7:25  Hellion  
  76  7:27  Hellion  
  83  7:31  Supply Depot  
  83  7:32  SCV  
  83  7:35  Missile Turret  
  84  7:43  Liberator  
  85  7:44  SCV  
  85  7:48  Missile Turret  
  85  7:52  SCV  
  85  7:53  Hellion x2, Refinery  
  85  7:57  Refinery  
  90  8:04  Supply Depot  
  93  8:08  Liberator  
  93  8:23  Supply Depot  
  93  8:25  SCV x3  
  99  8:36  Thor  
  99  8:37  SCV  
  99  8:42  Thor, Marine  
  99  8:45  Hellion x2  
  105  8:49  SCV x2  
  105  8:50  SCV  
  105  8:51  Supply Depot  
  105  8:54  Missile Turret  
  99  8:56  Liberator x2  
  80  9:06  SCV  
  80  9:07  Hellion x2  
  86  9:24  SCV x3  
  86  9:30  Terran Vehicle Weapons Level 1  
  88  9:32  Hellion  
  88  9:33  Siege Tank x2, Hellion  
  88  9:36  SCV  
  88  9:37  SCV x2  
  101  9:40  Missile Turret  
  101  9:52  Supply Depot  
  101  9:53  Supply Depot  
  101  10:07  Infernal Pre-Igniter  
  101  10:14  Hellion x3, SCV x2  
  101  10:15  Hellion, SCV  
  101  10:16  Supply Depot  
  112  10:25  Medivac x2  
  112  10:26  SCV  
  117  10:38  SCV x3  
  117  10:41  Hellion x2  
  124  10:46  Supply Depot, Hellion  
  124  10:47  Hellion x2  
  124  10:48  Command Center, Hellion  
  124  11:04  Hellion x2  
  128  11:05  Supply Depot x2  
  128  11:07  Hellion x2  
  132  11:26  SCV x2  
  134  11:33  Missile Turret  
  134  11:34  Missile Turret, Thor x2  
  134  11:35  Hellion x2  
  134  11:39  Terran Vehicle Weapons Level 2  
  138  11:54  Liberator x2  
  138  11:56  Hellion x2  
  124  12:12  SCV x2  
  132  12:21  Siege Tank, Hellion x2  
  132  12:22  Siege Tank  
  140  12:39  Liberator, Sensor Tower  
  140  12:40  Missile Turret  
  140  12:42  Missile Turret  
  140  12:43  Missile Turret  
  140  12:48  Liberator  
  140  12:54  Missile Turret x2  
  140  12:57  Missile Turret  
  146  13:04  Siege Tank x2  
  146  13:05  Hellion x2  
  149  13:27  SCV x3  
  151  13:39  SCV x2  
  153  13:49  Missile Turret x2  
  153  13:50  Missile Turret, Planetary Fortress  
  153  13:51  Missile Turret x2  
  153  13:52  Missile Turret  
  153  13:53  Missile Turret  
  153  13:57  Starport Reactor  
  153  13:58  Factory Tech Lab  
  153  14:05  Hellion x2, SCV x2  
  159  14:23  Factory x2  
  159  14:28  Starport  
  159  14:31  Starport  
  132  14:35  Thor x2  
  132  14:38  SCV  
  139  14:40  Refinery  
  139  14:41  Refinery  
  139  14:46  Liberator x2  
  139  14:53  Hellion x2  
  149  15:11  Factory Tech Lab x2  
  149  15:13  Starport Tech Lab x2  
  149  15:29  Liberator  
  155  15:43  Cloaking Field  
  155  15:44  Banshee x2  
  158  15:53  SCV x2  
  160  16:08  Missile Turret, Siege Tank x2  
  160  16:09  Missile Turret, Siege Tank  
  169  16:12  Missile Turret  
  169  16:24  Command Center  
  169  16:31  Missile Turret  
  169  16:32  Missile Turret  
  169  16:35  Hellion x3  
  175  16:40  Hellion  
  175  16:43  SCV  
  175  16:44  Fusion Core  
  178  16:51  Hellion x12  
  178  16:55  SCV  
  179  17:19  Supply Depot  
  179  17:20  Supply Depot  
  179  17:29  Banshee  
  179  17:32  Banshee  
  177  17:37  Liberator  
  177  17:45  Hyperflight Rotors  
  177  17:47  Thor x3  
  195  17:57  Hellion  
  200  18:25  Building Armor  
  200  18:30  Missile Turret  
  200  18:32  Missile Turret  
  200  18:39  Missile Turret  
  200  18:41  Missile Turret  
  200  18:44  Missile Turret x2  
  200  18:46  Missile Turret  
  200  18:47  Missile Turret x3  
  200  18:50  Missile Turret x2  
  200  18:53  Missile Turret  
  194  18:58  Banshee x2  
  200  19:10  Terran Ship Weapons Level 1  
  200  19:43  Command Center  
  200  19:44  Command Center  
  200  19:55  Missile Turret  
  200  20:02  Refinery, Planetary Fortress  
  200  20:05  Refinery  
  187  21:20  Missile Turret  
  187  21:21  Missile Turret  
  187  21:22  Missile Turret  
  187  21:23  Missile Turret  
  187  21:24  Missile Turret x2  
  185  21:26  Missile Turret x2  
  185  21:28  Missile Turret  
  185  21:29  Starport  
  185  21:32  Starport  
  180  21:50  Missile Turret x2  
  180  21:51  Missile Turret  
  180  21:52  Command Center  
  159  22:20  Supply Depot  
  159  22:21  Supply Depot x2  
  159  22:22  Supply Depot  
  132  23:02  Starport Tech Lab  
  132  23:03  Starport Tech Lab  
  132  23:04  Supply Depot x2  
  132  23:05  Supply Depot  
  132  23:19  Supply Depot  
  132  23:26  Supply Depot  
  41  23:49  Banshee x2  
  47  24:08  Barracks  
  47  24:33  Banshee x2  
  53  24:59  SCV x2  
  55  25:00  Factory  
  55  25:29  Banshee  
  55  25:30  Banshee  
  61  25:52  Starport  
  61  25:59  Starport x2  
  61  26:07  Command Center  
  61  26:12  Banshee x2  
  67  26:21  Orbital Command  
  67  26:23  Refinery x2  
  67  26:24  SCV  
  68  26:36  SCV  
  69  26:47  Liberator x2  
  69  26:49  Starport Tech Lab x2  
  69  26:50  Starport Tech Lab  
  69  26:52  Liberator x3  
  72  27:15  Engineering Bay, SCV x2  
  82  27:21  Orbital Command  
  83  27:27  SCV  
  84  27:30  Liberator x2  
  84  27:33  SCV  
  84  27:35  Liberator x2  
  85  27:39  SCV  
  85  27:40  Factory Tech Lab  
  86  27:44  Armory  
  86  27:45  SCV  
  86  27:50  SCV  
  94  27:52  SCV  
  94  27:58  SCV  
  102  28:02  Liberator, SCV  
  102  28:04  SCV  
  98  28:10  SCV  
  99  28:13  Liberator x2  
  99  28:14  SCV  
  103  28:24  SCV  
  103  28:25  SCV  
  103  28:26  Missile Turret, SCV  
  106  28:28  Missile Turret  
  106  28:29  Missile Turret  
  106  28:30  Orbital Command  
  107  28:53  SCV  
  108  28:56  SCV x2  
  110  29:14  Missile Turret x2, SCV  
  111  29:23  Missile Turret x2  
  111  29:25  SCV  
  111  29:31  Raven x2  
  112  29:38  Supply Depot  
  116  29:43  SCV  
  117  29:59  Raven, SCV x3  
  122  30:03  Raven  
  122  30:04  Corvid Reactor  
  124  30:10  Supply Depot x2  
  124  30:13  SCV  
  125  30:14  Supply Depot  
  125  30:32  Raven x2, SCV x3  
  125  30:33  Supply Depot  
  132  30:42  Raven x2  
  136  30:45  SCV  
  136  30:47  SCV  
  138  31:10  Raven  
  140  31:14  Raven  
  142  31:22  SCV x2  
  142  31:23  Thor  
  150  31:28  Refinery  
  150  31:29  Supply Depot, Refinery  
  150  31:43  Raven x2  
  133  32:24  Banshee  
  136  32:38  Orbital Command  
  125  32:55  Banshee  
  125  32:56  Banshee  
  131  33:00  SCV  
  131  33:01  SCV  
  130  33:12  SCV  
  130  33:18  Banshee, SCV  
  135  33:38  Banshee  
  138  33:46  Banshee  
  141  34:01  SCV x3, Banshee  
  147  34:07  Starport  
  147  34:10  Starport  
  147  34:11  Starport  
  147  34:13  SCV x2  
  147  34:14  SCV  
  146  34:24  Raven  
  146  34:29  Raven  
  150  34:52  Raven  
  144  34:53  SCV x3  
  144  34:54  Starport Tech Lab x2  
  144  34:55  Starport Tech Lab  
  147  35:04  Liberator x5  
  147  35:05  SCV  
  133  35:17  Liberator  
  136  35:23  SCV x3  
  151  35:31  Thor  
  151  35:35  SCV x2  
  162  35:39  SCV  
  163  35:46  Liberator  
  163  35:47  SCV  
  139  36:03  SCV x2  
  121  36:25  Orbital Command  
  99  36:27  Raven x3  
  99  36:28  Raven x2  
  106  36:34  Liberator  
  106  36:37  SCV x2  
  108  36:49  SCV x2  
  113  37:01  SCV x2  
  112  37:13  SCV x2  
  108  37:18  Banshee x5  
  108  37:20  SCV  
  108  37:22  Refinery  
  124  37:23  Refinery  
  124  37:25  SCV  
  124  37:26  SCV  
  120  37:32  SCV  
  118  37:38  SCV x2  
  115  37:44  SCV  
  115  37:50  SCV  
  113  37:58  SCV  
  113  37:59  SCV  
  113  38:02  SCV  
  114  38:10  SCV  
  114  38:11  SCV  
  108  38:14  SCV  
  94  38:23  SCV x2  
  94  38:26  SCV  
  76  38:35  SCV x2  
  76  38:38  Fusion Core, SCV  
  79  38:47  SCV x2  
  81  38:50  SCV  
  82  38:59  SCV x2  
  82  39:02  SCV  
  85  39:11  SCV x2  
  85  39:15  Barracks  
  85  39:16  SCV  
  88  39:23  SCV x2  
  90  39:27  Battlecruiser x4  
  114  39:33  Battlecruiser  
  122  39:38  SCV x3  
  123  39:50  SCV  
  124  40:06  Factory  
  124  40:10  Factory  
  110  40:34  Weapon Refit  
  103  40:54  Widow Mine x2  
  107  41:06  SCV  
  120  41:12  Orbital Command  
  122  41:26  Hellion x2  
Tags
 
Add a new tag
Caveats
  • Supply blocks, unpowered buildings, or Contaminate may cause inaccurate times.
  • Supply counts are checked every 10 seconds.